 Dungeon Crawl Stone Soup version 0.32-a0-131-g9dbbe29261 (webtiles) character file.

Game seed: 17295156628073290202

8453 CougarLife the Blocker (level 11, -4/89 HPs)
             Began as a Gnoll Fighter on Feb 8, 2024.
             Was a High Priest of Okawaru.
             Slain by a white ugly thing (23 damage)
             ... on level 11 of the Dungeon.
             The game lasted 00:14:17 (11439 turns).

CougarLife the Blocker (Gnoll Fighter)             Turns: 11439, Time: 00:14:17

Health: -4/89      AC: 14    Str: 26    XL:     11   Next: 31%
Magic:  19/20      EV: 14    Int:  8    God:    Okawaru [*****.]
Gold:   511        SH:  7    Dex: 11    Spells: 22/22 levels left

rFire   . . .        s - +0 war axe (drain)
rCold   . . .        c - +0 buckler
rNeg    . . .        I - +1 scale mail {Will+}
rPois   .            q - +0 helmet
rElec   .            (no cloak)
rCorr   .            (no gloves)
SInv    .            b - +0 pair of boots
Will    +....        e - amulet of regeneration
Stlth   +++          n - +6 ring of strength
HPRegen 1.14/turn    (no ring)
MPRegen 0.17/turn

%: no passive effects
@: heroic
A: fangs 1, strong nose, distributed training
a: Renounce Religion, Heroism, Finesse, Duel


You were on level 11 of the Dungeon.
You worshipped Okawaru.
Okawaru was extremely pleased with you.
You visited 2 branches of the dungeon, and saw 12 of its levels.
You also visited: Ossuary.

You collected 511 gold pieces.

Inventory:

Hand Weapons
 s - a +0 war axe of draining (weapon)
Missiles
 d - 3 javelins
 h - 12 poisoned darts (quivered)
 D - 2 throwing nets
 K - 5 boomerangs
Armour
 b - a +0 pair of boots (worn)
 c - a +0 buckler (worn)
 q - a +0 helmet (worn)
 I - a +1 scale mail of willpower (worn)
Jewellery
 e - an amulet of regeneration (around neck)
 i - a ring of ice
 n - a +6 ring of strength (left hand)
Wands
 o - a wand of polymorph (2)
 v - a wand of flame (12)
 C - a wand of paralysis (7)
 L - a wand of iceblast (5)
Scrolls
 f - 5 scrolls of fog
 g - 3 scrolls of fear
 j - 3 scrolls of poison
 k - 2 scrolls of immolation
 m - 4 scrolls of revelation
 p - 5 scrolls of teleportation
 r - 4 scrolls of amnesia
 t - 3 scrolls of noise {unknown}
 u - 2 scrolls of enchant weapon {unknown}
 y - 2 scrolls of blinking {unknown}
 B - a scroll of butterflies {unknown}
 F - a scroll of torment {unknown}
 G - 2 scrolls of brand weapon {unknown}
 J - a scroll of identify
Potions
 l - 6 potions of curing
 w - 2 potions of enlightenment {unknown}
 x - 2 potions of lignification
 z - a potion of ambrosia {unknown}
 A - 4 potions of haste {unknown}
 E - a potion of degeneration {unknown}
 H - a potion of attraction {unknown}


   Skills:
 + Level 9.2(14.2) Fighting
 + Level 6.4(11.4) Short Blades
 + Level 6.4(11.4) Long Blades
 + Level 8.0(13.0) Axes
 + Level 6.4(11.4) Maces & Flails
 + Level 6.4(11.4) Polearms
 + Level 6.4(11.4) Staves
 + Level 6.4(11.4) Ranged Weapons
 + Level 6.4(11.4) Throwing
 + Level 9.2(14.2) Armour
 + Level 6.4(11.4) Dodging
 + Level 6.4(11.4) Stealth
 + Level 9.2(14.2) Shields
 + Level 6.4(11.4) Unarmed Combat
 + Level 6.4 Spellcasting
 + Level 5.3 Conjurations
 + Level 5.3 Hexes
 + Level 5.3 Summonings
 + Level 5.3 Necromancy
 + Level 5.3 Translocations
 + Level 5.3 Fire Magic
 + Level 5.3 Ice Magic
 + Level 5.3 Air Magic
 + Level 5.3 Earth Magic
 + Level 5.3 Alchemy
 + Level 7.0 Invocations
 + Level 6.4 Evocations
 + Level 5.8 Shapeshifting


You had 22 spell levels left.
You didn't know any spells.
Your spell library contained the following spells:

 Spells                   Type           Power      Damage    Failure   Level
 Apportation              Tloc           22%        N/A       4%          1
 Foxfire                  Conj/Fire      44%        2x1d6     4%          1
 Necrotise                Necr           44%        1d6       4%          1
 Blink                    Tloc           22%        N/A       8%          2
 Jinxbite                 Hex            22%        N/A       8%          2
 Lesser Beckoning         Tloc           22%        N/A       8%          2
 Mercury Vapours          Alch/Air       22%        N/A       8%          2
 Momentum Strike          Conj/Tloc      22%        3d8       8%          2
 Hailstorm                Conj/Ice       11%        3d6       16%         3
 Mephitic Cloud           Conj/Alch/Air  11%        N/A       16%         3
 Ozocubu's Armour         Ice            11%        N/A       16%         3
 Sigil of Binding         Hex            11%        N/A       16%         3
 Vampiric Draining        Necr           11%        2d6       16%         3
 Dimensional Bullseye     Hex/Tloc       5%         N/A       45%         4
 Passage of Golubria      Tloc           11%        N/A       45%         4
 Alistair's Intoxication  Alch           7%         N/A       80%         5
 Curse of Agony           Necr           11%        N/A       80%         5
 Freezing Cloud           Conj/Ice/Air   5%         6-21      80%         5
 Metabolic Englaciation   Hex/Ice        5%         N/A       80%         5
 Silence                  Hex/Air        5%         N/A       80%         5
 Plasma Beam              Fire/Air       5%         2x1d16    100%        6
 Starburst                Conj/Fire      5%         6d4       100%        6
 Lehudib's Crystal Spear  Conj/Erth      5%         10d3      100%        8
 Call Canine Familiar     Summ           Unusable   N/A       N/A         3
 Summon Ice Beast         Ice/Summ       Unusable   N/A       N/A         3
 Martyr's Knell           Necr/Summ      Unusable   N/A       N/A         4
 Sculpt Simulacrum        Ice/Alch       Unusable   N/A       N/A         6

Dungeon Overview and Level Annotations

Branches:
Dungeon (11/15)            Temple (1/1) D:4            Lair (0/5) D:10
Ossuary (visited)
    Orc: D:9-12

Altars:
Ashenzari
Cheibriados
Dithmenos
Elyvilon
Fedhas
Gozag
Hepliaklqana
Kikubaaqudgha
Makhleb
Nemelex Xobeh
Okawaru
Qazlal
Ru
Sif Muna
Trog
Uskayaw
Vehumet
Wu Jian
Xom
Yredelemnul
Zin
The Shining One

Shops:
D:2 =   D:4 [

Annotations:
D:8 2 transporters, DeathSocks's ghost, novice VSBr
D:10 2 transporters, slippy's ghost, novice TrWr


Innate Abilities, Weirdness & Mutations

You have very sharp teeth.
Your uncanny sense of smell can sniff out nearby items.
Your experience applies equally to all skills.


Message History

The white ugly thing is lightly wounded.
Throw: 13 darts (poison)
Press: ? - help, Q - select action, (/) - cycle Shift-Dir - straight line, f/p - white ugly thing
Aim: a white ugly thing (very poisoned, 62% to hit)
You throw a poisoned dart.
The poisoned dart closely misses the white ugly thing.
You gain the combat prowess of a mighty hero.
The white ugly thing closely misses you.
You barely miss the white ugly thing. The white ugly thing headbutts you!
The white ugly thing freezes you!!
You completely miss the white ugly thing.
You block the white ugly thing's attack.
You barely miss the white ugly thing.
The white ugly thing is lightly wounded.
The white ugly thing headbutts you! The white ugly thing freezes you!!
* * * LOW HITPOINT WARNING * * *
You barely miss the white ugly thing.
The white ugly thing is lightly wounded.
The white ugly thing misses you.
You barely miss the white ugly thing.
The white ugly thing is lightly wounded.
You hit the white ugly thing.
The white ugly thing is lightly wounded.
The white ugly thing headbutts you but does no damage.
You slash the white ugly thing! You drain the white ugly thing.
Your bite misses the white ugly thing.
The white ugly thing is moderately wounded.
The white ugly thing closely misses you.
You closely miss the white ugly thing.
The white ugly thing is moderately wounded.
You block the white ugly thing's attack.
You hit the white ugly thing. You drain the white ugly thing.
The white ugly thing is heavily wounded.
The white ugly thing misses you.
You slash the white ugly thing!
The white ugly thing is heavily wounded.
The white ugly thing headbutts you.
* * * LOW HITPOINT WARNING * * *
The white ugly thing freezes you!!
You die...

..... .#
....##### ...
...#.#.##... .
#.....$.....
..##...........
...............
#.........##.
#...@)((....
#....u.......
...............
.###...(.......
#...........
#.##........ ..
#.....### ...
#.....#


You could see a white ugly thing (very poisoned, drained).

Vanquished Creatures
  2 two-headed ogres
  Pikel (D:7)
  Joseph (D:9)
  A hornet (D:10)
  Prince Ribbit (D:8)
  Sigmund (D:2)
  6 yaks (D:9)
  A wraith (D:10)
  4 wyverns (D:10)
  2 steam dragons
  Edmund (D:6)
  Menkaure (D:4)
  5 water moccasins
  A swamp worm (D:7)
  3 sky beasts (D:7)
  2 orc warriors
  4 black bears
  An ogre (D:7)
  2 centaurs
  A wolf (D:10)
  A phantom (D:6)
  A lemure (D:7)
  4 bullfrogs
  3 gnoll sergeants
  2 scorpions
  7 wights
  An electric eel (D:7)
  2 howler monkeys
  A centaur skeleton (Ossuary)
  3 hounds
  A jelly (D:6)
  A spectral scorpion (Ossuary)
  4 orc priests
  A sleepcap (D:5)
  5 iguanas
  5 orc wizards (D:9)
  A crocodile zombie (Ossuary)
  An ogre skeleton (Ossuary)
  8 mummies (Ossuary)
  11 gnolls
  10 adders
  2 dart slugs
  3 ribbon worms
  24 orcs
  3 bats
  9 endoplasms
  5 giant cockroaches
  9 goblins
  3 hobgoblins
  3 jackals (D:1)
  4 kobolds
  4 quokkas
  6 ball pythons
  3 frilled lizards (D:2)
  4 gnoll skeletons (Ossuary)
  A jackal zombie (D:5)
  2 kobold skeletons (Ossuary)
  5 rats (D:1)
  A rat zombie (D:5)
  10 spectral rats (Ossuary)
215 creatures vanquished.

Notes
Turn   | Place    | Note
-------+----------+-------------------------------------------
     0 | D:1      | CougarLife the Gnoll Fighter began the quest for the Orb.
     0 | D:1      | Reached XP level 1. HP: 23/23 MP: 1/1
     1 | D:1      | Found a runed translucent door.
   234 | D:1      | Reached XP level 2. HP: 23/29 MP: 2/2
   384 | D:1      | You fall into a shaft and drop 1 floor!
   435 | D:2      | Reached XP level 3. HP: 17/35 MP: 3/3
   550 | D:2      | Reached skill level 1 in Invocations
   634 | D:2      | Noticed Sigmund
   642 | D:2      | Killed Sigmund
   643 | D:2      | Reached skill level 1 in Short Blades
   643 | D:2      | Reached skill level 1 in Long Blades
   643 | D:2      | Reached skill level 1 in Maces & Flails
   643 | D:2      | Reached skill level 1 in Polearms
   643 | D:2      | Reached skill level 1 in Staves
   643 | D:2      | Reached skill level 1 in Ranged Weapons
   643 | D:2      | Reached skill level 1 in Throwing
   643 | D:2      | Reached skill level 1 in Dodging
   643 | D:2      | Reached skill level 1 in Stealth
   643 | D:2      | Reached skill level 1 in Unarmed Combat
   643 | D:2      | Reached skill level 1 in Spellcasting
   643 | D:2      | Reached skill level 1 in Conjurations
   643 | D:2      | Reached skill level 1 in Hexes
   643 | D:2      | Reached skill level 1 in Summonings
   643 | D:2      | Reached skill level 1 in Necromancy
   643 | D:2      | Reached skill level 1 in Translocations
   643 | D:2      | Reached skill level 1 in Fire Magic
   643 | D:2      | Reached skill level 1 in Ice Magic
   643 | D:2      | Reached skill level 1 in Air Magic
   643 | D:2      | Reached skill level 1 in Earth Magic
   643 | D:2      | Reached skill level 1 in Alchemy
   643 | D:2      | Reached skill level 1 in Evocations
   643 | D:2      | Reached skill level 1 in Shapeshifting
   643 | D:2      | Reached XP level 4. HP: 31/41 MP: 4/6
   643 | D:2      | Reached XP level 5. HP: 36/47 MP: 4/7
   828 | D:2      | Found Jiebloho's Jewellery Emporium.
  1356 | D:1      | Reached XP level 6. HP: 53/53 MP: 8/8
  2041 | D:3      | Reached skill level 5 in Axes
  2118 | D:3      | Identified the +3 robe "Kizuig" {rC+}
  2551 | D:4      | Noticed Menkaure
  2601 | D:4      | Killed Menkaure
  2602 | D:4      | Reached XP level 7. HP: 6/59 MP: 10/10
  2930 | D:4      | Found a stormy altar of Qazlal.
  2945 | D:4      | Found a staircase to the Ecumenical Temple.
  2954 | Temple   | Entered the Ecumenical Temple
  2985 | Temple   | Became a worshipper of Warmaster Okawaru
  3418 | D:4      | Found an ancient bone altar of Kikubaaqudgha.
  3525 | D:4      | Found Li Ji's Dragon-Slaying Spoils.
  3630 | D:5      | Entered Level 5 of the Dungeon
  3857 | D:5      | Found a basalt altar of Yredelemnul.
  3967 | D:5      | Found a sand-covered staircase.
  3980 | Ossuary  | Entered an ossuary
  4000 | Ossuary  | Reached XP level 8. HP: 64/67 MP: 12/12
  4093 | Ossuary  | Reached * piety under Okawaru
  4439 | Ossuary  | Found a basalt altar of Yredelemnul.
  5020 | D:6      | Noticed Edmund
  5030 | D:6      | Killed Edmund
  5030 | D:6      | Reached ** piety under Okawaru
  5303 | D:6      | Reached XP level 9. HP: 71/73 MP: 14/14
  6209 | D:7      | Noticed Pikel
  6250 | D:7      | Killed Pikel
  6377 | D:7      | Reached skill level 5 in Invocations
  6534 | D:7      | Reached *** piety under Okawaru
  8163 | D:8      | Noticed Prince Ribbit
  8180 | D:8      | Killed Prince Ribbit
  8188 | D:8      | HP: 1/74 [gnoll sergeant/+0 spear (8)]
  8189 | D:8      | Reached skill level 5 in Short Blades
  8189 | D:8      | Reached skill level 5 in Long Blades
  8189 | D:8      | Reached skill level 5 in Maces & Flails
  8189 | D:8      | Reached skill level 5 in Polearms
  8189 | D:8      | Reached skill level 5 in Staves
  8189 | D:8      | Reached skill level 5 in Ranged Weapons
  8189 | D:8      | Reached skill level 5 in Throwing
  8189 | D:8      | Reached skill level 5 in Dodging
  8189 | D:8      | Reached skill level 5 in Stealth
  8189 | D:8      | Reached skill level 5 in Unarmed Combat
  8189 | D:8      | Reached skill level 5 in Spellcasting
  8189 | D:8      | Reached skill level 5 in Evocations
  8189 | D:8      | Reached XP level 10. HP: 2/81 MP: 17/17
  8439 | D:8      | Noticed a centaur warrior
  8445 | D:8      | Found a snail-covered altar of Cheibriados.
  8536 | D:8      | Noticed DeathSocks's ghost (novice VSBr)
  8543 | D:8      | Found a transporter.
  8546 | D:8      | Found a transporter.
  8876 | D:9      | Reached **** piety under Okawaru
  8890 | D:9      | Reached skill level 5 in Shapeshifting
  9628 | D:9      | Noticed Joseph
  9642 | D:9      | Killed Joseph
 10307 | D:10     | Entered Level 10 of the Dungeon
 10685 | D:10     | Reached skill level 5 in Conjurations
 10685 | D:10     | Reached skill level 5 in Hexes
 10685 | D:10     | Reached skill level 5 in Summonings
 10685 | D:10     | Reached skill level 5 in Necromancy
 10685 | D:10     | Reached skill level 5 in Translocations
 10685 | D:10     | Reached skill level 5 in Fire Magic
 10685 | D:10     | Reached skill level 5 in Ice Magic
 10685 | D:10     | Reached skill level 5 in Air Magic
 10685 | D:10     | Reached skill level 5 in Earth Magic
 10685 | D:10     | Reached skill level 5 in Alchemy
 10685 | D:10     | Reached XP level 11. HP: 28/89 MP: 18/20
 11149 | D:10     | Found a transporter.
 11150 | D:10     | Found a transporter.
 11150 | D:10     | Noticed slippy's ghost (novice TrWr)
 11151 | D:10     | Noticed a two-headed ogre
 11152 | D:10     | Noticed a two-headed ogre
 11164 | D:10     | Killed a two-headed ogre
 11164 | D:10     | Reached ***** piety under Okawaru
 11165 | D:10     | Noticed a two-headed ogre
 11166 | D:10     | Noticed a two-headed ogre
 11170 | D:10     | Noticed a two-headed ogre
 11241 | D:10     | Found a staircase to the Lair.
 11285 | D:10     | Found a sparkling altar of Nemelex Xobeh.
 11418 | D:11     | Noticed a two-headed ogre
 11422 | D:11     | Noticed a white ugly thing
 11425 | D:11     | Killed a two-headed ogre
 11439 | D:11     | Slain by a white ugly thing

Illustrated notes

Levels and vault maps discovered:
D:1:      dpeg_arrival_caged_fury, layout_basic, chequers_serial_rivers_micro_a,
          glass_columns_b
D:2:      layout_loops_corners, serial_shops, nicolae_square_shop, uniq_sigmund
D:3:      layout_rooms, hangedman_decor_opposing, minivault_14,
          kennysheep_nondescript
D:4:      layout_loops_ring, mainiacjoe_overflow_big_doors,
          minmay_temple_entry_tees, nicolae_shop_dragon_depot,
          roderic_serpentine_path, uniq_menkaure
D:5:      minmay_spotlight, layout_cave_pods, kennysheep_mini, enter_ossuary_3
D:6:      layout_layer_cave, uniq_edmund
D:7:      statuecave_lemuel, layout_basic, worms_lemuel, uniq_pikel
D:8:      layout_basic, mainiacjoe_overflow_concentric_impassable,
          nzn_ghost_randoct, nicolae_figureground_sparkle, uniq_prince_ribbit1
D:9:      layout_loops_corners, chequers_serial_rivers_room_b, minivault_24,
          uniq_joseph
D:10:     cheibrodos_helix_gallery, layout_rooms, old_standard_altar,
          minmay_lair_entry_grove, gammafunk_ghost_smash
D:11:     layout_cave_pools, hex_medium, onia_ninara_dug_in_and_dangerous
Temple:   bh_familiar_temple

Skill      XL: |  1  2  3  4  5  6  7  8  9 10 11 |
---------------+----------------------------------+-----
Invocations    | 1 2 3 4 5 6 7 |  7.0
Short Blades   | 1 2 3 5 6 |  6.4
Long Blades    | 1 2 3 5 6 |  6.4
Maces & Flails | 1 2 3 5 6 |  6.4
Polearms       | 1 2 3 5 6 |  6.4
Staves         | 1 2 3 5 6 |  6.4
Ranged Weapons | 1 2 3 5 6 |  6.4
Throwing       | 1 2 3 5 6 |  6.4
Dodging        | 1 2 3 5 6 |  6.4
Stealth        | 1 2 3 5 6 |  6.4
Unarmed Combat | 1 2 3 5 6 |  6.4
Spellcasting   | 1 2 3 5 6 |  6.4
Conjurations   | 1 2 3 4 5 |  5.3
Hexes          | 1 2 3 4 5 |  5.3
Summonings     | 1 2 3 4 5 |  5.3
Necromancy     | 1 2 3 4 5 |  5.3
Translocations | 1 2 3 4 5 |  5.3
Fire Magic     | 1 2 3 4 5 |  5.3
Ice Magic      | 1 2 3 4 5 |  5.3
Air Magic      | 1 2 3 4 5 |  5.3
Earth Magic    | 1 2 3 4 5 |  5.3
Alchemy        | 1 2 3 4 5 |  5.3
Evocations     | 1 2 3 5 6 |  6.4
Shapeshifting  | 1 2 3 4 5 |  5.8
Axes           | 5 6 7 8 |  8.0
Fighting       | 7 8 9 |  9.2
Armour         | 7 8 9 |  9.2
Shields        | 7 8 9 |  9.2

Action                     |  1- 3 |  4- 6 |  7- 9 | 10-12 || total
---------------------------+-------+-------+-------+-------++-------
  Melee: War axe           |    55 |   120 |   337 |   261 ||   773
         Bite              |     1 |    14 |    34 |    32 ||    81
  Throw: Dart              |       |       |     3 |     9 ||    12
 Invoke: Heroism           |       |       |     2 |     7 ||     9
    Use: Potion            |     1 |     3 |     1 |     2 ||     7
         Scroll            |       |       |     8 |     1 ||     9
 Armour: Scale mail        |    39 |    66 |   187 |   152 ||   444
         Skin              |       |     7 |       |       ||     7
  Dodge: Dodged            |    26 |    52 |   152 |   164 ||   394
  Block: Buckler           |    15 |    38 |    79 |    75 ||   207

Table legend: (Time is in decaauts)
 A = Elapsed time spent in this place.
 B = Non-inter-level travel time spent in this place.
 C = Inter-level travel time spent in this place.
 D = Time resting spent in this place.
 E = Time spent auto-exploring this place.
 F = Levels seen in this place.
 G = Mean time per level.
                   A        B        C        D        E       F      G
               +--------+--------+--------+--------+--------+-----+--------+
         Total |  11616 |  10643 |    973 |   1793 |   6505 |  13 |  893.5 |
       Dungeon |  11011 |  10097 |    914 |   1682 |   6505 |  11 | 1001.0 |
        Temple |     64 |      5 |     59 |      0 |      0 |   1 |   64.0 |
       Ossuary |    540 |    540 |      0 |    111 |      0 |   1 |  540.0 |
               +--------+--------+--------+--------+--------+-----+--------+

Top non-repeatable levels by time:
     D:7: 1726 daAuts
     D:9: 1583 daAuts
     D:4: 1203 daAuts
     D:2: 1188 daAuts
     D:6: 1147 daAuts
     D:5: 1039 daAuts
     D:1: 928 daAuts
    D:10: 876 daAuts
     D:8: 747 daAuts
     D:3: 550 daAuts
 Ossuary: 540 daAuts
  Temple: 64 daAuts
    D:11: 18 daAuts
